 Dungeon Crawl Stone Soup version 0.26.1-11-gd32895ea62 (webtiles) character file.

Game seed: 7035699382809923552

1234 infcreate the Covert (level 8, -8/45 HPs)
             Began as a Vampire Enchanter on Apr 27, 2021.
             Mangled by an orc warrior
             ... wielding a +0 hand axe
              (9 damage)
             ... on level 9 of the Dungeon.
             The game lasted 00:27:05 (8951 turns).

infcreate the Covert (Vampire Enchanter)            Turns: 8951, Time: 00:27:06

Health: -8/45      AC:  3    Str:  7    XL:     8   Next: 24%
Magic:  10/22      EV: 15    Int: 24    God:
Gold:   422        SH:  0    Dex: 16    Spells: 1/13 levels left

rFire    . . .     SeeInvis +   a - +1 dagger
rCold    + + .     Faith    .   (no shield)
rNeg     + + +     Spirit   .   b - +0 robe
rPois    ∞         Reflect  .   h - +0 helmet
rElec    .         Harm     .   (no cloak)
rCorr    .         Rampage  .   (no gloves)
Will     .....                  (no boots)
Stlth    ++++++....             (no amulet)
HPRegen  0.00/turn              W - ring of magical power
MPRegen  0.18/turn              I - +6 ring of intelligence

@: confusing touch, very slightly contaminated, bloodless
A: fangs 3, see invisible, unbreathing
a: Bat Form, Revivify


You were on level 9 of the Dungeon.
You visited 1 branch of the dungeon, and saw 7 of its levels.
You also visited: Sewer and Ossuary.

You collected 422 gold pieces.


Innate Abilities, Weirdness & Mutations

You do not regenerate when monsters are visible.
You are frail without blood (-20% HP).
You can heal yourself when you bite living creatures.
You are immune to poison.
You have razor-sharp teeth.
You have supernaturally acute eyesight. (SInv)
You can survive without breathing.


   Skills:
 + Level 2.5 Fighting
 * Level 4.8 Short Blades
 * Level 5.2 Dodging
 * Level 8.1 Stealth
 + Level 3.4 Spellcasting
 * Level 7.8 Hexes


You had one spell level left.
You knew the following spells:

 Your Spells              Type           Power        Failure   Level
c - Corona                Hex            45%          1%          1
d - Tukima's Dance        Hex            41%          1%          3
e - Ensorcelled Hibernat  Hex/Ice        44%          3%          2
f - Dazzling Flash        Conj/Hex       44%          6%          3
t - Confusing Touch       Hex            41%          1%          3

Your spell library contained the following spells:

 Spells                   Type           Power        Failure   Level


Inventory:

Hand Weapons
 a - a +1 dagger (weapon)
Missiles
 w - a throwing net {=f}
Armour
 b - a +0 robe (worn)
 h - a +0 helmet (worn)
Magical Staves
 v - an uncursed staff of fire {!a}
Jewellery
 I - a +6 ring of intelligence (right hand)
 W - a ring of magical power (left hand)
Wands
 p - a wand of enslavement (20)
 q - a wand of polymorph (7)
 r - a wand of acid (7)
 D - a wand of disintegration (7)
Scrolls
 d - 10 scrolls of identify {@r1}
 e - a scroll of enchant weapon {unknown}
 g - a scroll of blinking {unknown}
 j - 3 scrolls of fog
 k - 8 scrolls of teleportation {@r4}
 l - 2 scrolls of remove curse {@r2}
 o - 2 scrolls of amnesia {unknown}
 x - a scroll of noise {unknown}
 y - 3 scrolls of fear
 z - a scroll of magic mapping
 C - a scroll of torment {unknown}
Potions
 c - 4 potions of heal wounds {unknown}
 f - 8 potions of curing {unknown}
 i - 3 potions of attraction {unknown}
 m - a potion of degeneration {unknown}
 n - a potion of flight {unknown}
 s - 2 potions of invisibility {unknown}
 t - 4 potions of magic {unknown}
 u - 2 potions of might {unknown}
 A - a potion of haste {unknown}
 B - a potion of brilliance {unknown}

Dungeon Overview and Level Annotations

Branches:
Dungeon (6/15)             Temple (0/1) D:5            Lair (0/6) D:9
    Orc (0/2) D:9           Sewer (visited)         Ossuary (visited)

Altars:
Fedhas
Hepliaklqana
Okawaru
Ru
Trog
Xom

Shops:
D:5

[ ,,,,,,* #..........# **,**,
,,,,,,* #.....=....# *,**,
,,,,,,* #.####.....#***,**,
,,,,,,* #.# #######,,,,,*,
,,,,,,* #.# *,,,,,*, ,,,,,,*
#.# *,,,,,*, ,,,,,,* #.#
*^,,,,,, ,,,,,,*
#.##########,,,,,,, ,,,,,,***
#.@oo.......,,,,,,, ,,,,,,+,*
####.....###,,,,,*, ,,,,,,*,*
####.....####*,,∩,,*,
*****,,,*
#.....8o....#*,,,,,*,
*****'***
*#..o........#..*,****
,,,,,,,,* **.....Y)......#,*,*
,,,,,,,,* *,.8....>!...8...*,*
,,,,,,,,* *,...............*,*
,,,,,,,,***,#...........##.*,*


You could see an orc warrior and an orc.


Message History

Press: ? - help, Shift-Dir - straight line, f/p - orc
Aim: an orc, quivering 2 boomerangs (chance to affect: 69%)
The orc looks drowsy...
Casting: Ensorcelled Hibernation (safe; 3% risk of failure)
Confirm with . or Enter, or press ? or * to list all spells.
Aiming: Ensorcelled Hibernation (safe; 3% risk of failure)
Press: ? - help, Shift-Dir - straight line, f - orc warrior, p - orc
Aim: an orc warrior, wielding a +0 hand axe and wearing a +2 chain mail of willpower (chance to affect: 19%)
The orc warrior resists with almost no effort.
The orc warrior hits you with a +0 hand axe.
Casting: Ensorcelled Hibernation (safe; 3% risk of failure)
Confirm with . or Enter, or press ? or * to list all spells.
Aiming: Ensorcelled Hibernation (safe; 3% risk of failure)
Press: ? - help, Shift-Dir - straight line, f/p - orc warrior
Aim: an orc warrior, wielding a +0 hand axe and wearing a +2 chain mail of willpower (chance to affect: 19%)
The orc warrior resists with almost no effort.
The orc warrior hits you with a +0 hand axe.
Casting: Ensorcelled Hibernation (safe; 3% risk of failure)
Confirm with . or Enter, or press ? or * to list all spells.
Your hands begin to glow red.
The orc shouts!
The orc warrior hits you with a +0 hand axe!
* * * LOW HITPOINT WARNING * * *
You hit the orc warrior but do no damage.
You barely miss the orc warrior.
The orc warrior hits you with a +0 hand axe!
* * * LOW HITPOINT WARNING * * *
You hit the orc warrior but do no damage.
The orc warrior hits you with a +0 hand axe!
You die...

Skill      XL: |  1  2  3  4  5  6  7  8 |
---------------+-------------------------+-----
Stealth        | 5 6 7 8 |  8.1
Short Blades   | 2 3 4 |  4.8
Hexes          | 5 6 7 |  7.8
Fighting       | 1 2 |  2.5
Dodging        | 3 4 5 |  5.2
Spellcasting   | 3 |  3.4

Action                   |  1- 3 |  4- 6 |  7- 9 || total
-------------------------+-------+-------+-------++-------
Melee: Dagger            |    93 |   180 |   188 ||   461
       Bite              |     5 |    12 |    17 ||    34
 Cast: Corona            |    19 |     8 |    12 ||    39
       Ensorcelled Hiber |    21 |    50 |    57 ||   128
       Confusing Touch   |       |    14 |    15 ||    29
       Tukima's Dance    |       |     2 |       ||     2
 Abil: Exsanguinate      |     1 |       |       ||     1
  Use: Scroll            |       |     6 |     5 ||    11
 Stab: Sleeping          |    31 |    51 |    51 ||   133
       Confused          |       |    16 |    15 ||    31
       Distracted        |       |       |     1 ||     1
Armor: Robe              |    13 |    17 |    11 ||    41
Dodge: Dodged            |    39 |    79 |    97 ||   215

Levels and vault maps discovered:
D:1:      sevenhm_arrival_forest_fort_small_4, layout_loops_corners,
          serial_forest, infiniplex_forest_clump_medium,
          infiniplex_forest_lined_corner, infiniplex_forest_straight_3,
          infiniplex_forest_lined_room_, serial_bayou_pond_a
D:2:      minmay_razor_zed, layout_loops_ring, minmay_misc_feat_square,
          xom_redecorated
D:3:      layout_basic, gammafunk_temple_overflow_forgotten, uniq_natasha
D:4:      minmay_angry_zag, layout_basic, overflow_temple_1_default,
          nicolae_ossuary_entry_plus
D:5:      minmay_spotlight, layout_basic, tgw_trog, nzn_hepliaklqana_mist_gate,
          minmay_temple_entry_from_below_b, serial_shops,
          nicolae_shop_waterfront, gup_sewer_entry_pipe
D:6:      layout_loops_ring, general_overflow_altar, serial_shops, shop, shop,
          kennysheep_mini_moat, tso_metal_star
D:9:      layout_basic, lair_entry_dummy, david_orc_2, serial_shops, shop,
          uniq_erolcha

Notes
Turn   | Place    | Note
-------+----------+-------------------------------------------
     0 | D:1      | infcreate the Vampire Enchanter began the quest for the
                  | Orb.
     0 | D:1      | Reached XP level 1. HP: 13/13 MP: 3/3
   520 | D:1      | Reached XP level 2. HP: 15/15 MP: 5/5
   525 | D:1      | Learned a level 2 spell: Ensorcelled Hibernation
  1529 | D:2      | Found a shimmering altar of Xom.
  1530 | D:2      | Found a shimmering altar of Xom.
  1536 | D:2      | Reached XP level 3. HP: 20/20 MP: 3/6
  1540 | D:2      | Learned a level 3 spell: Confusing Touch
  1567 | D:2      | Found a shimmering altar of Xom.
  1567 | D:2      | Found a shimmering altar of Xom.
  1567 | D:2      | Found a shimmering altar of Xom.
  1568 | D:2      | Found a shimmering altar of Xom.
  1568 | D:2      | Found a shimmering altar of Xom.
  1568 | D:2      | Found a shimmering altar of Xom.
  1578 | D:2      | Found a shimmering altar of Xom.
  1775 | D:2      | Reached skill level 5 in Stealth
  1797 | D:2      | Reached skill level 2 in Short Blades
  1896 | D:2      | Reached skill level 5 in Hexes
  2501 | D:2      | Reached XP level 4. HP: 24/24 MP: 4/7
  2642 | D:2      | Reached skill level 1 in Fighting
  3157 | D:2      | Reached skill level 3 in Dodging
  3589 | D:3      | Reached XP level 5. HP: 29/29 MP: 8/8
  3652 | D:3      | Found a shimmering altar of Xom.
  3654 | D:3      | Found an iron altar of Okawaru.
  3655 | D:3      | Found a sacrificial altar of Ru.
  3787 | D:3      | Noticed Natasha
  3789 | D:3      | Killed Natasha
  4082 | D:3      | Reached skill level 6 in Stealth
  4171 | D:3      | Noticed Natasha
  4270 | D:3      | Killed Natasha
  4271 | D:3      | Reached skill level 3 in Short Blades
  4271 | D:3      | Reached XP level 6. HP: 34/34 MP: 5/9
  4465 | D:3      | Noticed Natasha
  4475 | D:3      | Killed Natasha
  4561 | D:3      | Reached skill level 6 in Hexes
  4750 | D:4      | Found a sand-covered staircase.
  4754 | Ossuary  | Entered an ossuary
  5044 | Ossuary  | Reached skill level 4 in Dodging
  5119 | Ossuary  | Learned a level 3 spell: Tukima's Dance
  5604 | D:4      | Reached XP level 7. HP: 39/39 MP: 10/11
  5820 | D:4      | Found a blossoming altar of Fedhas.
  5848 | D:4      | Reached skill level 3 in Spellcasting
  5924 | D:4      | Reached skill level 2 in Fighting
  5924 | D:4      | Reached skill level 7 in Stealth
  6480 | D:5      | Entered Level 5 of the Dungeon
  6573 | D:5      | Found a glowing drain.
  6660 | Sewer    | Entered a sewer
  6872 | Sewer    | Reached skill level 7 in Hexes
  7013 | Sewer    | Reached skill level 4 in Short Blades
  8003 | D:5      | Found a staircase to the Ecumenical Temple.
  8303 | D:5      | Found Peeguhar's Armour Boutique.
  8342 | D:5      | Reached skill level 5 in Dodging
  8342 | D:5      | Reached XP level 8. HP: 42/45 MP: 13/13
  8467 | D:5      | Noticed a moth of wrath
  8470 | D:5      | Found a bloodstained altar of Trog.
  8647 | D:5      | Found a hazy altar of Hepliaklqana.
  8795 | D:6      | You fall into a shaft and drop 3 floors!
  8795 | D:9      | Found a staircase to the Orcish Mines.
  8822 | D:9      | Reached skill level 8 in Stealth
  8826 | D:9      | Learned a level 3 spell: Dazzling Flash
  8950 | D:9      | HP: 1/45 [orc warrior/+0 hand axe (16)]
  8951 | D:9      | Mangled by an orc warrior

Vanquished Creatures
  2 ice beasts
  An elf zombie (Ossuary)
  A howler monkey (D:4)
  A hound (D:4)
  A bullfrog skeleton (D:5)
  An orc priest (D:3)
  3 jellies (D:5)
  A centaur skeleton (D:9)
  4 orc wizards
  Natasha (thrice) (D:3)
  2 iguanas (D:4)
  3 worker ants
  A big kobold zombie (Ossuary)
  A hound zombie (Ossuary)
  4 mummies (Ossuary)
  A howler monkey skeleton (D:4)
  9 adders
  A shadow imp (D:5)
  A white imp (D:5)
  An adder zombie (Ossuary)
  3 worms
  2 dart slugs
  13 leopard geckos
  17 orcs
  8 ball pythons
  4 giant cockroaches
  13 goblins
  4 hobgoblins
  12 jackals
  20 kobolds
  10 quokkas
  5 bats
  10 frilled lizards
  3 goblin zombies (Ossuary)
  2 hobgoblin zombies (Ossuary)
  A jackal skeleton (D:5)
  A leopard gecko skeleton (D:4)
  An orc zombie (Ossuary)
  A quokka zombie (D:5)
  17 rats
  2 rat zombies (Ossuary)
191 creatures vanquished.

Vanquished Creatures (collateral kills)
  An ogre (D:4)
1 creature vanquished.

Vanquished Creatures (others)
  15 plants
15 creatures vanquished.

Grand Total: 207 creatures vanquished

Table legend: (Time is in decaauts)
 A = Elapsed time spent in this place.
 B = Non-inter-level travel time spent in this place.
 C = Inter-level travel time spent in this place.
 D = Time resting spent in this place.
 E = Time spent auto-exploring this place.
 F = Levels seen in this place.
 G = Mean time per level.
                   A        B        C        D        E       F      G
               +--------+--------+--------+--------+--------+-----+--------+
         Total |   9092 |   8777 |    315 |   1350 |   4637 |   9 | 1010.2 |
       Dungeon |   7464 |   7149 |    315 |   1022 |   3906 |   7 | 1066.3 |
         Sewer |   1069 |   1069 |      0 |     42 |    671 |   1 | 1069.0 |
       Ossuary |    559 |    559 |      0 |    286 |     59 |   1 |  559.0 |
               +--------+--------+--------+--------+--------+-----+--------+

Top non-repeatable levels by time:
     D:2: 1754 daAuts
     D:1: 1528 daAuts
     D:3: 1441 daAuts
     D:5: 1292 daAuts
     D:4: 1202 daAuts
   Sewer: 1069 daAuts
 Ossuary: 559 daAuts
     D:9: 149 daAuts
     D:6: 95 daAuts

Table legend:
 A = Non-vault XP
 B = Vault XP
 C = Vault XP percentage of total XP
 D = Non-vault monster count
 E = Vault monster count
 F = Vault count percentage of total count
                 A         B        C        D         E       F
            +---------+---------+-------+---------+---------+-------
      Total |    1263 |     501 |  28.4 |     124 |      68 |  35.4
            +---------+---------+-------+---------+---------+-------
        D:1 |      39 |       0 |   0.0 |      25 |       0 |   0.0
        D:2 |      70 |      28 |  28.6 |      26 |      11 |  29.7
        D:3 |     280 |      35 |  11.1 |      37 |       1 |   2.6
        D:4 |     244 |      51 |  17.3 |      14 |       4 |  22.2
        D:5 |     450 |     120 |  21.1 |      17 |      15 |  46.9
        D:6 |       6 |       0 |   0.0 |       2 |       0 |   0.0
        D:9 |     174 |       9 |   4.9 |       3 |       3 |  50.0
      Sewer |       0 |      35 | 100.0 |       0 |      18 | 100.0
    Ossuary |       0 |     223 | 100.0 |       0 |      16 | 100.0
            +---------+---------+-------+---------+---------+-------
